 Dungeon Sprint DCSS version 0.30.1-11-g7821555f0a (webtiles) character file.

Game seed: 3529368654752769597

1799 Heoruswealwe the Impaler (level 8, -2/85 HPs)
             Began as a Minotaur Fighter on Nov 14, 2023.
             Was an Initiate of Gozag.
             Killed from afar by a manticore (13 damage)
             ... with a volley of spikes
             ... in the Dungeon (Sprint IX: "|||||||||||||||||||||||||||||").
             The game lasted 00:04:19 (542 turns).

Heoruswealwe the Impaler (Minotaur Fighter)          Turns: 542, Time: 00:04:21

Health: -2/85      AC: 15    Str: 22    XL:     8   Next: 83%
Magic:  7/7        EV:  9    Int:  5    God:    Gozag
Gold:   594        SH:  0    Dex: 11    Spells: 7/7 levels left

rFire   . . .        b - +2 halberd (distort)
rCold   . . .        (shield currently unavailable)
rNeg    . . .        c - +1 chain mail
rPois   .            (helmet restricted)
rElec   .            (no cloak)
rCorr   .            f - +0 pair of gloves
SInv    .            (no boots)
Will    .....        (no amulet) Stlth
                     (no ring)
HPRegen 0.34/turn    (no ring)
MPRegen 0.10/turn

%: no teleportation
@: spiked, gold aura
A: horns 2, retaliatory headbutt
a: Renounce Religion, Potion Petition, Call Merchant, Bribe Branch


You were in the Dungeon.
You worshipped Gozag.
Gozag was pleased with you.
You visited 1 branch You collected 594 gold pieces.

Inventory:

Hand Weapons
 a - a +0 trident
 b - a +2 halberd of distortion (weapon)
Armour
 c - a +1 chain mail (worn)
 d - a +0 buckler
 f - a +0 pair of gloves (worn)
Wands
 h - a wand of roots (10)
Scrolls
 j - 2 scrolls of blinking
Potions
 g - a potion of haste
 i - a potion of berserk rage
 k - a potion of might
 l - 4 potions of curing


   Skills:
 + Level 12.4 Fighting
 * Level 16.5 Polearms
 + Level 12.4 Armour
 - Level 3.6 Shields


You had 7 spell levels left.
You didn't know any spells.
Your spell library was empty.

Dungeon Overview and Level Annotations

Branches:
Dungeon (1/1)

Altars:
Cheibriados
Dithmenos
Elyvilon
Fedhas
Gozag
Hepliaklqana
Kikubaaqudgha
Makhleb
Nemelex Xobeh
Okawaru
Qazlal
Ru
Sif Muna
Trog
Uskayaw
Vehumet
Wu Jian
Xom
Yredelemnul
Zin
The Shining One
Jiyva
Lugonu


Innate Abilities, Weirdness & Mutations

You have a pair of horns on your head.
You reflexively headbutt those who attack you in melee.


Message History

The volley of spikes hits you!
The barbed spikes become lodged in your body.
You hit the centaur.
Space warps horribly around the centaur!
You kill the centaur!
The barbed spikes dig painfully into your body as you move.
The manticore bites you but does no damage.
The manticore completely misses you. The manticore misses you.
Things that are here:
162 gold pieces; a +0 shortbow You slash the manticore!
Space warps horribly around the manticore!!
You headbutt the manticore.
The manticore is heavily wounded.
The manticore bites you but does no damage.
The manticore claws you but does no damage.
The manticore claws you!
The deep elf pyromancer casts a spell.
You slash the manticore!
Space warps around the manticore.
The manticore is severely wounded.
The manticore flicks its tail.
The volley of spikes hits you.
The barbed spikes become lodged in your body.
The manticore bites you!
* * * LOW HITPOINT WARNING * * *
The manticore claws you but does no damage.
The manticore barely misses you.
You impale the manticore!!
You kill the manticore!
Your Fighting skill increases to level 12!
Your Polearms skill increases to level 16!
Your Armour skill increases to level 12!
You hit the fire elemental.
Space warps around the fire elemental.
Your headbutt misses the fire elemental.
The fire elemental is lightly damaged.
The manticore flicks its tail.
The volley of spikes hits you!
The barbed spikes become lodged in your body.
You die...
Your body crumbles into a pile of gold.

▓)▓
$
▓.▓
▓.▓
$
▓.▓
$
▓.▓
$ $
▓.▓
$
▓H▓
$
▓'▓
▓@▓
▓E▓
▓○▓
▓e▓
▓C▓
▓l▓
▓+▓


You could see a manticore, a cyclops, a deep elf pyromancer, a basilisk and a
fire elemental (summoned).

Vanquished Creatures
  A manticore (D)
  A komodo dragon (D)
  A kobold demonologist (D)
  A wraith (D)
  A yak (D)
  A vampire mosquito (D)
  A water moccasin (D)
  An orc warrior (D)
  An ice beast (D)
  A centaur (D)
  A phantom (D)
  An orc wizard (D)
  A worm (D)
  A bat (D)
  A goblin (D)
  A kobold (D)
  A frilled lizard (D)
  A rat (D)
18 creatures vanquished.

Notes
Turn   | Place    | Note
-------+----------+-------------------------------------------
     0 | D        | Heoruswealwe the Minotaur Fighter began the quest for the
                  | Orb.
     0 | D        | Reached XP level 1. HP: 19/19 MP: 0/0
     6 | D        | Reached skill level 3 in Polearms
    30 | D        | Noticed a water moccasin
    30 | D        | Noticed an orc wizard
    30 | D        | Noticed a phantom
    30 | D        | Noticed an ice beast
    41 | D        | Killed a water moccasin
    42 | D        | Reached skill level 8 in Polearms
    42 | D        | Reached XP level 2. HP: 24/31 MP: 1/1
    42 | D        | Reached XP level 3. HP: 29/38 MP: 2/2
    42 | D        | Reached XP level 4. HP: 34/45 MP: 3/3
    69 | D        | Reached XP level 5. HP: 23/52 MP: 4/4
    76 | D        | Killed a phantom
    77 | D        | Reached skill level 10 in Polearms
    83 | D        | Killed an ice beast
    84 | D        | Reached skill level 11 in Polearms
    84 | D        | Reached XP level 6. HP: 12/62 MP: 5/5
    92 | D        | Found a snail-covered altar of Cheibriados.
    92 | D        | Found a shadowy altar of Dithmenos.
    92 | D        | Found a white marble altar of Elyvilon.
    92 | D        | Found a blossoming altar of Fedhas.
    92 | D        | Found an opulent altar of Gozag.
    93 | D        | Found a hazy altar of Hepliaklqana.
    94 | D        | Found a viscous altar of Jiyva.
    95 | D        | Found an ancient bone altar of Kikubaaqudgha.
    96 | D        | Found a corrupted altar of Lugonu.
    97 | D        | Found a burning altar of Makhleb.
    98 | D        | Found a sparkling altar of Nemelex Xobeh.
    99 | D        | Found an iron altar of Okawaru.
   100 | D        | Became a worshipper of Gozag Ym Sagoz the Greedy
   101 | D        | Found a stormy altar of Qazlal.
   102 | D        | Found a sacrificial altar of Ru.
   103 | D        | Found a shimmering blue altar of Sif Muna.
   104 | D        | Found a bloodstained altar of Trog.
   105 | D        | Found a hide-covered altar of Uskayaw.
   106 | D        | Found a radiant altar of Vehumet.
   107 | D        | Found an ornate altar of the Wu Jian Council.
   108 | D        | Found a shimmering altar of Xom.
   109 | D        | Found a basalt altar of Yredelemnul.
   110 | D        | Found a glowing silver altar of Zin.
   111 | D        | Found a glowing golden altar of the Shining One.
   249 | D        | Noticed an orc warrior
   249 | D        | Noticed a wraith
   249 | D        | Noticed a vampire mosquito
   249 | D        | Noticed a yak
   249 | D        | Noticed a komodo dragon
   249 | D        | Noticed a kobold demonologist
   250 | D        | Killed an orc warrior
   251 | D        | Reached skill level 12 in Polearms
   257 | D        | Killed a wraith
   258 | D        | Reached XP level 7. HP: 49/71 MP: 6/6
   263 | D        | Killed a yak
   264 | D        | Reached skill level 10 in Fighting
   264 | D        | Reached skill level 13 in Polearms
   264 | D        | Reached skill level 10 in Armour
   266 | D        | Noticed an ice devil
   270 | D        | Killed a komodo dragon
   271 | D        | Reached skill level 14 in Polearms
   275 | D        | Noticed a ynoxinul
   295 | D        | Killed a kobold demonologist
   296 | D        | Reached skill level 15 in Polearms
   296 | D        | Reached XP level 8. HP: 16/82 MP: 7/7
   532 | D        | Noticed a manticore
   532 | D        | Noticed a manticore
   532 | D        | Noticed a deep elf pyromancer
   532 | D        | Noticed a cyclops
   541 | D        | Killed a manticore
   542 | D        | Reached skill level 16 in Polearms
   542 | D        | Killed from afar by a manticore

Illustrated notes

Levels and vault maps discovered:
D:        linesprint [early_d, line_temple, items_1, d_10, items_2, lair_1,
          lair_end, items_3, orc_1, orc_end, items_4, d_15, swamp_1, shoals_1,
          snake_1, spider_1, d_20, vaults_1, items_5, swamp_end, shoals_end,
          snake_end, spider_end, vaults_end, d_27, items_6, zot_1, zot_end,
          crypt_end, forest_end, elf_end, slime_end, tomb_end, abyss_end,
          pan_hell_end]

Skill      XL: |  1  2  3  4  5  6  7  8 |
---------------+-------------------------+-----
Polearms       | 8 11 12 15 16 | 16.5
Fighting       | 6 7 8 9 11 12 | 12.4
Armour         | 6 7 8 9 11 12 | 12.4
Shields        | |  3.6

Action                     |  1- 3 |  4- 6 |  7- 9 || total
---------------------------+-------+-------+-------++-------
  Melee: Trident           |    19 |    38 |       ||    57
         Headbutt          |     3 |     2 |     2 ||     7
         Halberd           |       |     7 |    46 ||    53
    Use: Potion            |     2 |       |     2 ||     4
 Armour: Scale mail        |    11 |    13 |       ||    24
         Chain mail        |       |     1 |    33 ||    34
  Dodge: Dodged            |    13 |     6 |     9 ||    28
  Block: Buckler           |     4 |       |       ||     4
